[Event "87th Spanish Championship 2022"]
[Site "Linares"]
[Date "2022.08.14"]
[Round "5.32"]
[White "Lin, Yingrui"]
[Black "Serrano Almendros, Angel"]
[Result "1-0"]
[ECO "A46"]
[WhiteElo "2314"]
[BlackElo "2049"]
[Annotator "TA"]
[PlyCount "49"]
[EventDate "2022.08.11"]
[EventType "swiss"]
[EventCountry "ESP"]
[SourceTitle "playchess.com"]
[Source "ChessBase"]
[SourceQuality "1"]
[TimeControl "5400+30"]

1. d4 Nf6 2. Nf3 a6 3. g3 b5 4. Bg2 Bb7 5. O-O e6 6. a4 {[%emt 0:09:28] A46: 1 d4 Nf6 2 Nf3 e6: Torre, London and Colle Systems.} c5 7. Bg5 Be7 {[%emt 0:09:26] [#]} (7... b4 $11) 8. Nbd2 $146 {[%emt 0:19:13] White is slightly better.} ({Predecessor:} 8. axb5 axb5 9. Rxa8 Bxa8 10. c4 bxc4 11. Qa4 Bc6 12. Qxc4 Qb6 13. dxc5 Qxc5 14. Qxc5 Bxc5 {½-½ (62) Jungbluth,M (2028)-Draeger,T (2181) Dresden 2005}) 8... d6 9. c4 cxd4 10. Nxd4 Bxg2 11. Kxg2 h6 12. Bxf6 (12. Be3 $5 ) 12... Bxf6 13. N4f3 bxc4 {[%emt 0:09:07] Threatens to win with ...d5.} 14. Nxc4 d5 15. Nce5 Qd6 16. Ng4 Bxb2 {[%emt 0:04:26] Hoping for ...h5.} 17. Ra2 {[%emt 0:08:12] [#]} Ba3 {[%emt 0:14:29][%mdl 8192] [#] This costs Black the game.} (17... h5 $1 $17 {[%cal Rh5g4] stays on course.} 18. Ne3 Bf6) 18. Qa1 $1 $18 Bc5 19. Qxg7 Qf8 20. Nf6+ Ke7 $2 {[%emt 0:00:55] [#]} (20... Kd8 21. Qg4 Qe7) 21. Nxd5+ $1 {[%emt 0:00:19][%mdl 512] Pair of Knights! White is clearly winning.} Kd7 (21... exd5 22. Qe5+) 22. Qe5 {[%emt 0:01:19] White threatens Qc7+ and mate.} Bd6 {[%emt 0:00:54] Prevents Qc7+.} 23. Nb6+ Ke7 24. Qd4 Nc6 25. Qh4+ {[%emt 0:00:08] Weighted Error Value: White=0.19 (very precise) /Black=0.61} 1-0

[Event "87th Spanish Championship 2022"]
[Site "Linares"]
[Date "2022.08.14"]
[Round "5.33"]
[White "Garcia Escoda, Marc"]
[Black "Castellanos Gomez, Alejandro"]
[Result "1-0"]
[ECO "C06"]
[WhiteElo "2130"]
[BlackElo "2266"]
[Annotator "TA"]
[PlyCount "61"]
[EventDate "2022.08.11"]
[EventType "swiss"]
[EventCountry "ESP"]
[SourceTitle "playchess.com"]
[Source "ChessBase"]
[SourceQuality "1"]
[TimeControl "5400+30"]

1. e4 e6 2. d4 d5 3. Nd2 Nf6 4. Bd3 c5 5. e5 Nfd7 6. c3 Nc6 7. Ne2 cxd4 8. cxd4 f6 9. exf6 Nxf6 10. Nf3 Bd6 11. O-O O-O 12. Bf4 Bxf4 13. Nxf4 Ne4 14. Qc1 Qd6 {[%emt 0:14:49] C06: French Tarrasch: 3...Nf6 4 e5 Nfd7 5 Bd3 main lines.} 15. Ne2 Bd7 16. Qe3 Nf6 {[%emt 0:00:21] ...Ng4 is the strong threat. White is slightly better.} 17. Ne5 {[%emt 0:01:28] Prevents Ng4.} Rae8 {[%emt 0:02:48] [#]} 18. f4 $146 ({Predecessor:} 18. a3 Re7 19. Rac1 Be8 20. Bb1 Nd7 21. f4 Ncxe5 22. dxe5 Qb6 23. Qxb6 Nxb6 24. Nd4 Nc4 25. Rf2 {½-½ (42) Halfhide,S (2119)-Willemsma,A (2067) Groningen 2015}) 18... Ne7 19. g4 Bc6 20. Ng3 Rd8 21. Rae1 Rfe8 22. f5 {[%emt 0:09:02] White is much more active.} exf5 23. Bxf5 ({Much worse is} 23. gxf5 $6 Bd7 $11) 23... Ng6 {[%emt 0:08:19] [#]} (23... Rf8 $16 {keeps fighting.}) 24. Bxg6 (24. Qg5 $1 $18 Ne4 25. Bxe4 dxe4 26. Nf5 Rxe5 27. dxe5 Qc5+ 28. Rf2) 24... hxg6 $16 {[%emt 0:00:08] [#]} 25. Qd3 $1 Qb4 $2 {[%emt 0:01:35] A mistake that costs the game.} (25... Ne4 $16) 26. a3 $18 Qa5 (26... Bb5) 27. b4 (27. Qxg6 $142 Rxe5 28. Rxe5) 27... Qc7 28. Qxg6 {[%emt 0:01:02] aiming for Rxf6.} Rf8 29. Nf5 {[%emt 0:06:38] Pair of Knights!} Be8 30. Qg5 Ne4 31. Ne7+ {[%emt 0:00:20] Weighted Error Value: White=0.14 (very precise) /Black=0.95} 1-0

[Event "87th Spanish Championship 2022"]
[Site "Linares"]
[Date "2022.08.14"]
[Round "5.34"]
[White "Garcia Garcia, Samuel"]
[Black "Massanet Massanet, Sebastian"]
[Result "1/2-1/2"]
[ECO "E06"]
[WhiteElo "2084"]
[BlackElo "2232"]
[Annotator "TA"]
[PlyCount "112"]
[EventDate "2022.08.11"]
[EventType "swiss"]
[EventCountry "ESP"]
[SourceTitle "playchess.com"]
[Source "ChessBase"]
[SourceQuality "1"]
[TimeControl "5400+30"]

1. c4 e6 2. Nf3 d5 3. d4 Nf6 4. g3 Be7 5. Bg2 O-O 6. O-O b6 7. Nc3 Bb7 8. Bf4 {[%emt 0:00:40] 8.cxd5 is a critical line. E18: Queen's Indian: Old Main Line (4 g3 Bb7 5 Bg2 Be7 6 0-0 0-0 7 Nc3).} Na6 9. Qa4 {[%emt 0:05:41] [#]} c5 $146 ({Predecessor:} 9... Ne4 10. Rfd1 Qe8 11. Qb3 Nxc3 12. bxc3 c5 13. cxd5 exd5 14. a4 cxd4 15. cxd4 Rc8 16. Ne5 {½-½ (83) Mikeshin,S (2136)-Kuznetsov,V (2023) Irkutsk 2016}) 10. cxd5 cxd4 11. Qxd4 {[%emt 0:01:18] [#] d6 is the strong threat.} Nxd5 12. Rfd1 Rc8 (12... Qe8 $11) 13. Nxd5 (13. Be5 $1 $14) 13... Qxd5 14. Qa4 Qc6 15. Qxc6 Bxc6 16. Be5 f6 17. Bc3 Kf7 18. Nd4 Bxg2 19. Kxg2 Rc5 {[%emt 0:04:14] Prevents Nb5.} 20. a4 Nc7 {[%emt 0:10:08] Prevents Nb5.} (20... Rb8 $11) 21. Nb5 (21. Bb4 $16 Rc4 22. Bxe7 Kxe7 23. Rac1 Rxc1 24. Rxc1) 21... Nxb5 $11 22. axb5 Rc7 23. Kf3 Rb7 24. Ra4 Rc8 25. Rda1 Rcc7 26. Rd1 e5 27. e4 Ke6 28. Ke2 $1 Bd6 29. f3 Rc8 30. Rd5 Bb8 31. Ra1 g5 (31... Rc4 $11) 32. g4 {[%emt 0:01:23] White is more active.} (32. Rad1 $16) 32... h5 {[%emt 0:01:37] The position is equal.} 33. h3 hxg4 34. hxg4 Bd6 35. Rad1 Be7 36. Rh1 Rc5 37. Rhd1 Rbc7 38. R1d3 Rc4 39. Kd2 Rb7 40. Kc2 Rc8 41. Kb3 Bc5 42. Bb4 Bd4 {[%emt 0:00:49] Against Rc3} 43. Bc3 Bf2 44. Rd6+ Ke7 $1 45. Bb4 {[%emt 0:02:36] [#] Rxb6+ would kill now.} Bc5 46. R6d5 Bxb4 47. Kxb4 {[%emt 0:00:02][%mdl 4096] Endgame KRR-KRR} Rc2 48. Rd2 Rbc7 49. Rd7+ Rxd7 50. Rxc2 {[%emt 0:00:01] KR-KR} Rd4+ 51. Rc4 Kd6 52. Kc3 Rxc4+ 53. Kxc4 Ke6 54. Kb4 Kd6 55. Kc4 Ke6 56. Kb4 Kd6 {[%emt 0:00:04] Weighted Error Value: White=0.10 (very precise) /Black=0.11 (very precise)} 1/2-1/2

[Event "87th Spanish Championship 2022"]
[Site "Linares"]
[Date "2022.08.14"]
[Round "5.35"]
[White "Saenz Narciso, Miguel Angel"]
[Black "Gomez Arce, Alejandro"]
[Result "1-0"]
[ECO "A45"]
[WhiteElo "2222"]
[BlackElo "2111"]
[Annotator "TA"]
[PlyCount "81"]
[EventDate "2022.08.11"]
[EventType "swiss"]
[EventCountry "ESP"]
[SourceTitle "playchess.com"]
[Source "ChessBase"]
[SourceQuality "1"]
[TimeControl "5400+30"]

1. d4 Nf6 2. Nc3 d5 3. Bf4 g6 4. e3 Bg7 5. h4 h5 6. Nf3 {[%emt 0:00:06] D00: 1 d4 d5: Unusual lines.} O-O 7. Qd2 c6 8. Ne5 {[%emt 0:01:09] The position is equal.} Bf5 (8... Nfd7 $11) 9. f3 Nbd7 10. Be2 {[%emt 0:06:52] [#]} c5 $146 ({Predecessor:} 10... Rc8 11. Bd3 Bxd3 12. Qxd3 b5 13. O-O-O b4 14. Na4 Qa5 15. Qb3 c5 16. Nd3 cxd4 17. exd4 {½-½ (58) Ly,M (2117)-Zhao,N (2276) Belfort 2005}) 11. O-O-O c4 (11... Be6 $14 {might be stronger.}) 12. g4 $16 Be6 13. Rdg1 {[%emt 0:05:34] White is more active.} a5 14. a4 Nb6 (14... Kh7 $16 15. Bg5 Nb6) 15. e4 $18 Qe8 (15... dxe4 $142 16. gxh5 Nxh5) 16. Bh6 Nxa4 17. Bxg7 Kxg7 18. gxh5 (18. exd5 $18 {has better winning chances.} Bc8 19. gxh5 Nxh5 20. Nxa4 (20. Nxc4 Nxc3 21. Qxc3 b5 $16) 20... Qxa4 21. Qg5) 18... Nxc3 $16 19. bxc3 {[%emt 0:01:09] Chess con chili.} ({Of course not} 19. Qxc3 $6 Nxh5 20. Qe3 Rh8 $11) 19... Nxh5 (19... Qa4 $2 20. Qg5 Nh7 21. Qf4 $18) 20. Qg5 Rh8 21. exd5 Bxd5 {[%emt 0:03:45] [#]} 22. Nxg6 $1 {[%emt 0:01:51][%mdl 576] Discovered Attack} fxg6 23. Qxd5 Qf7 24. Qxf7+ ({Don't take} 24. Qxb7 Qf4+ 25. Kd1 Qd6 $14) 24... Kxf7 25. Bxc4+ Kf6 26. Re1 {[%emt 0:01:18] And now Re6+ would win.} Rhe8 $2 {[%emt 0:00:47] [#] A mistake that costs the game.} (26... Ng7 $16) 27. Re6+ $18 Kg7 28. Bb5 Kf7 (28... Nf4 {might work better.}) 29. Rhe1 Nf4 30. Bxe8+ Rxe8 {[%emt 0:00:02][%mdl 4096] Endgame KRR-KRN} 31. R6e5 Rc8 32. R1e4 Nh5 33. Rxe7+ Kf6 34. Rxb7 Rxc3 35. Rb3 Rc7 36. Rb6+ Kf7 37. Ra6 Rc3 38. Rxa5 Rxf3 39. d5 Ng3 40. Ra7+ Kf8 41. Rb4 {[%emt 0:00:20] Weighted Error Value: White=0.10 (very precise) /Black=0.42} 1-0

[Event "87th Spanish Championship 2022"]
[Site "Linares"]
[Date "2022.08.14"]
[Round "5.36"]
[White "Del Carmen Hernandez, Aimer"]
[Black "Bermudez Ureba, Juan Diego"]
[Result "1-0"]
[ECO "E10"]
[WhiteElo "2066"]
[BlackElo "2198"]
[Annotator "TA"]
[PlyCount "61"]
[EventDate "2022.08.11"]
[EventType "swiss"]
[EventCountry "ESP"]
[SourceTitle "playchess.com"]
[Source "ChessBase"]
[SourceQuality "1"]
[TimeControl "5400+30"]

1. d4 Nf6 2. c4 e6 3. Nf3 d5 4. g3 b6 5. Bg2 Bb7 6. Ne5 Be7 7. O-O O-O 8. Nc3 c6 9. Qc2 {[%emt 0:04:02] E06: Closed Catalan: Early deviations.} Nfd7 10. Nxd7 Nxd7 11. e4 {[%emt 0:00:06][%cal Re4d5] [#] The position is equal.} Ba6 $146 ({Predecessor:} 11... Rc8 12. b3 e5 13. exd5 cxd5 14. Nxd5 Bxd5 15. Bxd5 exd4 16. Bf4 Bf6 17. Bb7 d3 18. Qxd3 {½-½ (28) Novikovas,A (2000)-Murin,M (1775) Krynica 1999}) 12. b3 dxc4 13. Rd1 Rc8 14. Qe2 b5 {[%emt 0:01:22] aiming for ...Qa5.} 15. bxc4 (15. e5 $1 $11) 15... bxc4 (15... Qa5 $17 16. Qc2 b4) 16. Bf4 Qa5 17. Rac1 Rfd8 18. e5 Nb6 19. Qg4 Nd5 20. Bh6 g6 (20... Bf8 $17 21. Bd2 Nxc3 22. Bxc3 Bb4 23. Bxb4 Qxb4) 21. Ne4 $11 Ba3 {[%emt 0:12:35] [#]} (21... Qxa2 $2 22. Ra1 Qb2 23. Rxa6 $18) (21... Rd7 $11 {keeps the balance.}) 22. Ng5 Bxc1 (22... Ne7 $11 23. Nxe6 Bxc1 24. Bxc1 (24. Rxc1 Nf5 $15) 24... c3 $1 25. Nxd8 Rxd8) 23. Rxc1 $16 Qc7 24. Bxd5 (24. Qh3 $1 $16) 24... cxd5 (24... Rxd5 $14 25. Qf4 f5 26. Nxe6 Qe7) 25. Qh3 {[%emt 0:04:44][%cal Og5h7] Intending Nxh7! and mate. White is more active.} c3 $2 {[%emt 0:02:22][%mdl 8192] [#] This move loses the game for Black.} (25... Re8 $16) 26. Nxh7 $1 {[%emt 0:02:03][%mdl 512] White mates.} f5 (26... Qe7 27. Nf6+) 27. Nf6+ Kf7 {[%emt 0:00:12] [#]} 28. Bf8 $1 {[%emt 0:00:52][%mdl 576] Decoy} Kxf8 (28... Qxe5 29. Qh7+) 29. Qh8+ Kf7 30. Qh7+ Kf8 31. Qg8+ {[%emt 0:00:04] Weighted Error Value: White=0.20 (precise) /Black=0.57} 1-0

[Event "87th Spanish Championship 2022"]
[Site "Linares"]
[Date "2022.08.15"]
[Round "6.1"]
[White "Santos Latasa, Jaime"]
[Black "Yuffa, Daniil"]
[Result "1/2-1/2"]
[ECO "D37"]
[WhiteElo "2675"]
[BlackElo "2603"]
[Annotator "TA"]
[PlyCount "60"]
[EventDate "2022.08.11"]
[EventType "swiss"]
[EventCountry "ESP"]
[SourceTitle "playchess.com"]
[Source "ChessBase"]
[SourceQuality "1"]
[TimeControl "5400+30"]

1. d4 Nf6 2. c4 e6 3. Nf3 d5 4. Nc3 dxc4 5. e4 b5 6. e5 {[%emt 0:00:09] D24: Queen's Gambit Accepted: 3 Nf3 Nf6 4 Nc3.} Nfd7 7. Nxb5 Nb6 8. Be2 {[%emt 0:00:11] White is slightly better.} Nc6 9. Be3 Bb7 10. a3 Qd7 11. Nc3 Ne7 12. O-O Nf5 {[%emt 0:01:48][%cal Oc7c5] [#]} 13. Qc1 $146 ({Predecessor:} 13. b3 cxb3 14. Qxb3 Be7 15. Bb5 c6 16. Be2 O-O 17. Ne4 Qd5 18. Qc2 c5 19. Nxc5 {0-1 (86) Koelle,T (2378)-Zelcic,R (2513) Terme Catez 2022}) 13... Be7 14. Rd1 O-O 15. d5 Nxe3 16. dxe6 Qxe6 17. Qxe3 Qg6 18. Ne1 Rad8 19. Bf3 Bxf3 20. Nxf3 Rd3 21. Qe2 c5 22. a4 a5 {[%emt 0:02:04] The position is equal.} 23. h3 h6 24. Kf1 Rfd8 25. Ne1 R3d4 26. Nf3 Rd3 27. Ne1 R3d4 28. Nf3 Rd3 29. Ne1 R3d4 30. Nf3 Rd3 {[%emt 0:00:04] Weighted Error Value: White=0.06 (flawless) /Black=0.05 (flawless)} 1/2-1/2

[Event "87th Spanish Championship 2022"]
[Site "Linares"]
[Date "2022.08.15"]
[Round "6.2"]
[White "Garriga Cazorla, Pere"]
[Black "Iturrizaga Bonelli, Eduardo"]
[Result "1/2-1/2"]
[ECO "E46"]
[WhiteElo "2505"]
[BlackElo "2619"]
[Annotator "TA"]
[PlyCount "39"]
[EventDate "2022.08.11"]
[EventType "swiss"]
[EventCountry "ESP"]
[SourceTitle "playchess.com"]
[Source "ChessBase"]
[SourceQuality "1"]
[TimeControl "5400+30"]

1. d4 Nf6 2. c4 e6 3. Nc3 Bb4 4. e3 O-O 5. Bd2 b6 6. Nf3 c5 7. Bd3 cxd4 8. exd4 Bb7 9. O-O d5 10. Re1 dxc4 11. Bxc4 Nc6 12. a3 Be7 13. Bg5 {[%emt 0:08:13] The position is equal.} Rc8 {[%emt 0:00:21] E57: Nimzo-Indian: Rubinstein: Main Line: 7...Nc6 8 a3 dxc4 9 Bxc4 cxd4.} 14. Ba2 h6 15. Bf4 Bd6 16. Be5 Be7 ({Resist} 16... Nxe5 17. dxe5 Bxa3 18. exf6 (18. bxa3 Rxc3 19. exf6 Bxf3 $14) 18... Bxb2 19. fxg7 Kxg7 20. Ne4 $1 $16) 17. Bf4 Bd6 18. Be5 Be7 ({Don't take} 18... Nxe5 19. dxe5 Bxa3 20. exf6 (20. bxa3 Rxc3 21. exf6 Bxf3 $14) 20... Bxb2 21. fxg7 Kxg7 {[#]} 22. Ne4 $1 $16) 19. Bf4 Bd6 {[#] Not much happened in this game.  Weighted Error Value: White=0.02 (flawless) /Black=0.07 (flawless)} {Predecessor:} 20. Bxd6 $146 1/2-1/2

[Event "87th Spanish Championship 2022"]
[Site "Linares"]
[Date "2022.08.15"]
[Round "6.3"]
[White "Perez Candelario, Manuel"]
[Black "Espinosa Aranda, Angel"]
[Result "1-0"]
[ECO "B42"]
[WhiteElo "2578"]
[BlackElo "2439"]
[Annotator "TA"]
[PlyCount "155"]
[EventDate "2022.08.11"]
[EventType "swiss"]
[EventCountry "ESP"]
[SourceTitle "playchess.com"]
[Source "ChessBase"]
[SourceQuality "1"]
[TimeControl "5400+30"]

1. e4 c5 2. Nf3 e6 3. d4 cxd4 4. Nxd4 a6 5. Bd3 Bc5 6. Nb3 Ba7 7. Nc3 Nc6 8. Qe2 Nge7 9. Be3 O-O {[%emt 0:05:28] B42: Sicilian: Kan Variation: 5 Bd3.} 10. O-O-O b5 {[%emt 0:04:57] [#]} 11. h4 $146 ({Predecessor:} 11. Kb1 b4 12. Na4 d5 13. exd5 Nxd5 14. Be4 Bxe3 15. fxe3 Qe7 16. Bxd5 exd5 17. Nb6 {1-0 (34) Sjugirov,S (2696)-Dubov,D (2711) Chess.com INT 2022}) 11... b4 {[%emt 0:07:29] White is slightly better.} 12. Na4 d6 13. Bxa7 Rxa7 14. Qe3 Bd7 15. Nb6 a5 16. Bb5 Qb8 ({Black should play} 16... a4 $11 17. Bxa4 (17. Nxa4 Qc7 $11) 17... Qc7) 17. Nxd7 $14 {[%emt 0:02:48] 0x0.001e3d4687dedp-1022s more active pieces. The black rooks are badly placed.} Rxd7 18. Ba4 Rc7 (18... Rdd8 $14 {is superior.}) 19. h5 $16 (19. Rxd6 $6 Ne5 20. Rdd1 (20. Nxa5 Ra7 $17) 20... Rfc8 $11) 19... Ne5 (19... h6 $16) 20. h6 $18 g6 21. Nd4 d5 (21... Qd8 $16 {was necessary.}) 22. Kb1 (22. Rhe1 $18 {and White stays clearly on top.}) 22... Nc4 (22... Qb6 $16) 23. Qf3 {[%emt 0:04:56] White wants to mate with Qf6.} Rb7 24. Rhe1 (24. Qf6 $6 Qe5 25. Qxe5 Nxe5 $14) (24. Bc6 $18 Rb6 25. Qf6 $1 (25. exd5 Qe5 $16)) 24... Qe5 $14 25. Qd3 Qf6 26. exd5 exd5 27. Bb3 Rc7 28. Qg3 (28. g4 $5 ) 28... Rfc8 ({Black should try} 28... Rc5 $14) 29. Bxc4 $16 Rxc4 {[%emt 0:02:03] [#]} 30. Qe3 $36 {[%emt 0:01:38][%mdl 2048] White is in control.} Kf8 31. g4 {[%emt 0:00:40] Inhibits Nf5. g5 is the strong threat.} g5 32. b3 Rc3 33. Qe5 Qxe5 34. Rxe5 f6 35. Re6 Ng8 (35... Kf7 $16 36. Rde1 Ng8) 36. f3 {[%emt 0:01:04] Strongly threatening Ra6.} Kf7 37. Ra6 R3c5 38. Nf5 {[%emt 0:01:39] And now Nd6+ would win.} Kg6 39. Ra7 R5c7 40. Rxc7 ({White has to play} 40. Rxa5 $16 {Black must now prevent Rb5.} Rxc2 41. Rh1 (41. Rdxd5 $2 Rc1+ 42. Kb2 R8c2#) (41. Raxd5 R2c3 $16)) 40... Rxc7 $14 41. Rxd5 Nxh6 42. Nxh6 ({Much weaker is} 42. Rxa5 Nxf5 43. Rxf5 h5 $17) 42... Kxh6 $16 {[%emt 0:00:03][%mdl 4096] Endgame KR-KR} 43. c4 bxc3 (43... Re7 $1 $11 {remains equal.}) 44. Rxa5 {[%emt 0:00:37] White stays focused until the end.} c2+ $2 (44... Re7 $16 {is more resistant.}) 45. Kc1 $18 Kg6 46. b4 h5 47. gxh5+ Kxh5 48. Rc5 Ra7 49. Kb2 Kh4 $2 (49... f5 50. b5 (50. Rxc2 g4 $16) (50. Kxc2 Rxa2+ 51. Kc1 Rf2 $11) 50... f4) 50. Rxc2 Kg3 51. Rc3 f5 52. Kb3 f4 53. a4 g4 54. fxg4+ Kxg4 55. b5 f3 56. Kb4 Re7 57. Rc1 f2 {[%emt 0:00:36] [#]} 58. Rf1 $1 Kf3 59. a5 Re1 {[%emt 0:00:15] [#]} 60. Rxf2+ $3 Kxf2 {[%emt 0:00:02] KR-KPP} 61. a6 $2 ({White must play} 61. b6 $18 Ke3 62. a6) 61... Ke3 $2 (61... Ra1 $11) 62. a7 Ra1 63. b6 {[%emt 0:00:03] b7 would kill now.} Kd4 64. b7 Rb1+ 65. Ka3 Rxb7 66. a8=Q {[%emt 0:00:05] KQ-KR} Rb5 67. Qc6 Rd5 68. Kb4 {[%emt 0:00:07] Intending Qe6 and mate.} Re5 {[%emt 0:00:39] Prevents Qe6.} 69. Qc4+ Ke3 70. Kc3 Kf3 71. Qh4 (71. Kd2 $142 Re4 72. Qc6 Kf4 73. Qf6+ Kg3 74. Qg5+ Kf3 75. Kd3 Rf4 76. Qh5+ Rg4 77. Qe5) 71... Re2 72. Qf6+ {[%emt 0:00:38] White mates.} Kg3 73. Kd3 Rg2 74. Ke3 Kh2 75. Qh4+ Kg1 76. Kf3 Rg6 77. Qd4+ Kh2 78. Qb2+ {[%emt 0:00:34] Weighted Error Value: White=0.16 (very precise) /Black=0.43} 1-0

[Event "87th Spanish Championship 2022"]
[Site "Linares"]
[Date "2022.08.15"]
[Round "6.4"]
[White "Narciso Dublan, Marc"]
[Black "Cuenca Jimenez, Jose Fernando"]
[Result "1-0"]
[ECO "A45"]
[WhiteElo "2461"]
[BlackElo "2552"]
[Annotator "TA"]
[PlyCount "85"]
[EventDate "2022.08.11"]
[EventType "swiss"]
[EventCountry "ESP"]
[SourceTitle "playchess.com"]
[Source "ChessBase"]
[SourceQuality "1"]
[TimeControl "5400+30"]

1. d4 Nf6 2. Bf4 d5 3. e3 c5 4. c3 Nc6 5. Nd2 Qb6 6. Qb3 {[%emt 0:00:31] D00: 1 d4 d5: Unusual lines.} c4 7. Qc2 Bg4 8. Be2 {[%emt 0:02:39] White is slightly better.} Bxe2 9. Nxe2 e6 10. Ng3 Be7 11. e4 O-O 12. O-O Qd8 13. Rfe1 b5 14. Bg5 {[%emt 0:07:13] [#]} Rb8 $146 ({Predecessor:} 14... Nxe4 15. Bxe7 Nxe7 16. Ndxe4 dxe4 17. Rxe4 Nd5 18. Nh5 Qg5 19. Qe2 g6 20. Ng3 Rac8 {1-0 (49) Iyti,B (2334)-Hamed,M (2060) Dubai 2021}) 15. a3 Rb6 16. Nf3 a5 17. Bxf6 Bxf6 18. Nh5 Bg5 19. Rad1 Bh6 20. exd5 exd5 21. Ne5 g6 {[%emt 0:03:50] [#]} 22. Nd7 $1 gxh5 23. Qf5 Ne7 $1 24. Rxe7 Qxe7 25. Nxb6 Qe2 (25... Re8 $1 $14 26. g3 Qe6 27. Qxe6 fxe6) 26. Rf1 $16 Bg7 27. Nxd5 Qxb2 28. Qb1 {[%emt 0:04:37] White is more active.} (28. Qxh5 Qxa3 29. h3 b4 $11) (28. h4 $142 $1) 28... Qb3 29. Qc1 Re8 {[%emt 0:03:22] Prevents Ne7+.} 30. h4 h6 31. Nf4 (31. Qb1 $16) 31... b4 $11 (31... Bf8 32. Nxh5 Re6 33. Nf4 Bxa3 34. Qd2 $16) 32. axb4 axb4 33. cxb4 c3 34. Nxh5 c2 35. Qf4 {[%emt 0:01:01] Threatens to win with Qg4.} Qc4 (35... Qc3 $11 {remains equal.} 36. Kh2 (36. Nxg7 $2 Re1 $19) 36... Bxd4 37. Qxh6 Qd3) 36. Qg3 $1 $16 ({Reject} 36. Nxg7 Kxg7 37. Qg4+ Kf8 $11) 36... Qxf1+ $4 {[%emt 0:01:35][%mdl 8192] A mistake that costs the game.} 37. Kh2 $18 Kf8 38. Qxg7+ Ke7 {[%emt 0:00:01] [#]} 39. Qe5+ $1 ({Not} 39. Qf6+ Kd7 40. Qxf7+ Kd8 41. Qd5+ Kc7 42. Qc5+ Kb7 43. Qxc2 Qa6 $18) 39... Kf8 {[%emt 0:01:53] [#]} 40. Qd6+ $1 Re7 41. Qxh6+ Ke8 42. Nf6+ ({Less strong is} 42. Qc6+ Kd8 43. Qxc2 Re2 $16) 42... Kd8 43. Qf8+ {[%emt 0:00:06] Weighted Error Value: White=0.07 (flawless) /Black=0.46} 1-0

[Event "87th Spanish Championship 2022"]
[Site "Linares"]
[Date "2022.08.15"]
[Round "6.5"]
[White "Martinez-Conde Hernandez, Carlos"]
[Black "Gines Esteo, Pedro Antonio"]
[Result "0-1"]
[ECO "B12"]
[WhiteElo "2205"]
[BlackElo "2455"]
[Annotator "TA"]
[PlyCount "74"]
[EventDate "2022.08.11"]
[EventType "swiss"]
[EventCountry "ESP"]
[SourceTitle "playchess.com"]
[Source "ChessBase"]
[SourceQuality "1"]
[TimeControl "5400+30"]

1. e4 {[%emt 0:00:07] Lukacs,P} c6 2. d4 d5 3. e5 Bf5 4. g4 Bd7 5. Be3 h5 6. gxh5 {[%emt 0:01:46] [#] B12: Caro-Kann: Advance Variation.} Nh6 $146 ({Predecessor:} 6... Bf5 7. Ne2 Bg4 8. Rg1 Bxh5 9. e6 Qd6 10. exf7+ Bxf7 11. Nd2 Nd7 12. Bf4 Qb4 13. c3 Qxb2 {1-0 (58) Zhang,P (2567)-Seirawan,Y (2626) Beijing 2003 CBM 098 [Lukacs,P]}) 7. Nc3 Nf5 8. Qf3 {[%emt 0:04:03] White has an edge.} c5 9. O-O-O (9. Nxd5 $2 e6 10. Ne2 Bc6 $19) (9. e6 $5 fxe6 10. dxc5 $11) 9... cxd4 10. Bxd4 (10. e6 $1 $11 {remains equal.} Bxe6 11. Bxd4) 10... Nxd4 11. Rxd4 e6 12. h4 (12. Rd1 $142) 12... Qc7 13. Bb5 (13. Rf4 $17) 13... Bxb5 (13... a6 $19 {and Black stays clearly on top.} 14. Bxd7+ Nxd7) 14. Nxb5 $17 Qb6 15. Qb3 {[%emt 0:07:13] Black continues to play with concentration.} ({Better is} 15. Nh3 $15 Nc6 16. Ng5) 15... Nd7 {[%emt 0:12:05][%mdl 1024] Black has strong compensation.} 16. Qa4 a6 17. Nc3 (17. Nd6+ $17 {only move.} Bxd6 18. exd6) 17... O-O-O $19 (17... Rxh5 18. Nf3) 18. Rf4 f6 (18... Rxh5 19. Nf3) 19. Nf3 fxe5 (19... Nxe5 20. Nxe5 fxe5 21. Rf7 $17) 20. Rf7 e4 ({Stronger than} 20... Rxh5 21. Qg4 Rh6 22. Rxd7 Rxd7 23. Nxe5 $17) 21. Rxd7 Rxd7 22. Ne5 Rd8 23. Nf7 Bc5 ({But not} 23... Qxf2 $2 24. Nxh8 Qf3 25. Rd1 $19) 24. Nxh8 Rxh8 25. f3 Be3+ 26. Kb1 Bd4 {[%emt 0:00:05] [#] ...Bxc3 is the strong threat.} ({Inferior is} 26... exf3 27. Qg4 Kb8 28. Qxf3 $17) 27. Nd1 exf3 28. c3 Bg1 29. Qf4 {[%emt 0:03:19] Prevents Rf8.} (29. h6 gxh6 30. Qf4) 29... f2 30. Rh3 Rxh5 {[%emt 0:01:14][%cal Bh8h5,Bh5f5,Bf5f2][%mdl 32] [#] Strongly threatening ...Rf5.} 31. Qf8+ Qd8 32. Qf7 Rf5 33. Qxe6+ Qd7 34. Qg8+ (34. Qxd7+ $142 Kxd7 35. Nxf2 Bxf2 36. Kc2) 34... Kc7 35. Nxf2 Rxf2 36. Rd3 Rf1+ 37. Kc2 Qa4+ {[%emt 0:00:04] Weighted Error Value: White=0.70/Black=0.13 (very precise)} 0-1